[Event "Frauenbundesliga 2021-22"]
[Site "Germany"]
[Date "2022.05.26"]
[Round "3.19"]
[White "Socko, Monika"]
[Black "Saduakassova, Dinara"]
[Result "1-0"]
[ECO "A47"]
[WhiteElo "2384"]
[BlackElo "2446"]
[Annotator "TA"]
[PlyCount "131"]
[EventDate "2021.11.26"]
[EventType "team-tourn"]
[EventCountry "GER"]
[SourceTitle "playchess.com"]
[Source "ChessBase"]
[SourceQuality "1"]
[WhiteTeam "Hamburger SK"]
[BlackTeam "Schwaebisch Hall"]
[TimeControl "40/5400+30:1800+30"]

1. d4 Nf6 2. Nf3 e6 3. e3 b6 4. Bd3 c5 5. O-O Be7 6. c4 {[%emt 0:01:05] A47: 1 d4 Nf6 2 Nf3 b6: Torre, London and Colle Systems.} O-O (6... d5 $11 {deserves consideration.}) 7. d5 $14 d6 8. Nc3 {[%emt 0:02:24] White is slightly better.} exd5 9. cxd5 Bg4 10. h3 {[%emt 0:00:40] [#]} Bxf3 $146 ({Predecessor:} 10... Bh5 11. e4 Nbd7 12. Bf4 Bxf3 13. Qxf3 Ne5 14. Bxe5 dxe5 15. Qf5 Bd6 16. f4 Re8 {0-1 (44) Berberich,C (2059)-Tammert,G (2176) Baden 2016}) 11. Qxf3 Nbd7 12. Qe2 g6 (12... Ne8 $14) 13. Bd2 Nh5 14. g4 Ng7 15. f4 f5 16. g5 Rf7 17. Rae1 {[%emt 0:01:11] White is more active.} Bf8 18. Kh2 Qc7 19. b3 Re8 20. Bb5 Ree7 21. Qd3 Nb8 (21... Nh5 $16) 22. a4 $18 Nh5 23. Qc2 Nd7 24. Bd3 Ng7 25. Re2 Nh5 (25... Qb7 $16 {is a better defense.}) 26. Rfe1 Bg7 27. Nb5 Qb8 28. Qc1 ({White should try} 28. Rg2 $16) 28... Nf8 29. Rg2 Bh8 30. Qd1 a6 31. Na3 (31. Nc3 $6 Qb7 $14) 31... Ra7 32. Qe2 Qb7 (32... b5 $16 {was worth a try.}) 33. Rb1 (33. b4 $1 $18) 33... Qxd5 $16 34. Bc4 Qc6 35. Bxf7+ $2 (35. Qd3 $1 $18) 35... Kxf7 36. Bc3 Bxc3 $11 37. Qc4+ d5 38. Qxc3 Re7 39. Rd1 Qe6 40. Nc2 Qe4 (40... Qd6 $5 ) 41. Qd3 Qxd3 42. Rxd3 d4 43. Rf2 Re4 (43... Ne6 $11) 44. exd4 $16 Nxf4 (44... Ne6 $16 {keeps fighting.}) 45. Re3 $1 $18 Rxe3 46. Nxe3 {[%emt 0:00:00][%mdl 4096] Endgame KRN-KNN} N4e6 47. d5 Nd4 48. Kg3 (48. Nc2 $16) 48... Nd7 {[%emt 0:01:28] [#]} (48... Ke7 $1 $14) 49. Kf4 ({White should play} 49. Nc2 $1 $16 ) 49... Nxb3 $11 {[%emt 0:02:22] Pair of Knights!} 50. Nc4 Nd4 {[%emt 0:02:26] Against Re2} 51. Rb2 b5 52. axb5 axb5 53. Nd6+ Ke7 54. Nxb5 Nxb5 55. Rxb5 {[%emt 0:00:01] KR-KN} Kd6 56. Rb7 {[%emt 0:00:31] Strongly threatening Ke3.} c4 57. h4 Nc5 $1 (57... c3 $2 58. Rb3 $18) 58. Rxh7 {[%emt 0:03:03] Black must now prevent h5.} c3 {[%emt 0:00:10] ( -> ...c2)} 59. Ke3 {[%emt 0:02:33] And now h5 would win.} f4+ ({But not} 59... Kxd5 60. Rf7 Ke6 61. Rf8 $16) 60. Ke2 {[%emt 0:00:02] h5 is the strong threat.} (60. Kxf4 c2 61. Kg3 c1=Q 62. Kg2 Qd2+ 63. Kh3 Qd3+ 64. Kg2 Qe2+ 65. Kg1 Qg4+ 66. Kf2 Qf5+ 67. Ke3 Qd3+ 68. Kf4 Qd2+ 69. Kg3 Ne4+ 70. Kf3 Qd3+ 71. Kf4 Ng3) 60... f3+ 61. Kd1 ({Wrong is} 61. Kxf3 $2 c2 62. Rh6 c1=Q $19) 61... Kxd5 {[%emt 0:02:10] aiming for ...f2.} 62. h5 gxh5 63. g6 {[%emt 0:00:18][%cal Bg5g6,Bg6g7][%mdl 32] White wants to mate with g7.} Ke6 $2 {[%emt 0:00:55][%mdl 8192] [#]} (63... Ne6 $11) 64. Rf7 $1 {[%emt 0:00:25] White mates.} Ne4 65. Rxf3 Nf6 66. g7 {[%emt 0:00:46] Weighted Error Value: White=0.15 (very precise) /Black=0.29 (precise)} 1-0

[Event "Frauenbundesliga 2021-22"]
[Site "Germany"]
[Date "2022.05.26"]
[Round "3.20"]
[White "Kashlinskaya, Alina"]
[Black "Padmini, Rout"]
[Result "0-1"]
[ECO "E91"]
[WhiteElo "2498"]
[BlackElo "2348"]
[Annotator "TA"]
[PlyCount "158"]
[EventDate "2021.11.26"]
[EventType "team-tourn"]
[EventCountry "GER"]
[SourceTitle "playchess.com"]
[Source "ChessBase"]
[SourceQuality "1"]
[WhiteTeam "Schwaebisch Hall"]
[BlackTeam "Hamburger SK"]
[TimeControl "40/5400+30:1800+30"]

1. d4 Nf6 2. c4 g6 3. Nc3 Bg7 4. e4 d6 5. Be2 O-O 6. Be3 Na6 7. Nf3 c5 {[%emt 0:05:11] E91: King's Indian: Classical: 6 Be2, unusual replies including 6...c5 and 6...Bg4.} 8. d5 (8. O-O {with more complications.} Ng4 9. Bg5 cxd4 10. Nxd4 Nc5 11. Rb1) 8... e6 9. Nd2 exd5 {[%emt 0:03:40] White is slightly better.} 10. cxd5 Nc7 11. a4 {[%emt 0:00:47] Prevents b5.} b6 12. O-O {[%emt 0:01:23] [#]} Rb8 $146 ({Predecessor:} 12... Re8 13. h3 Rb8 14. Qc2 Ba6 15. Bxa6 Nxa6 16. Nc4 Nb4 17. Qb1 a6 18. Bf4 Bf8 {1-0 (53) Hjartarson,J (2519)-Thorhallsson,S (2199) Reykjavik 2021}) 13. Bf4 Re8 14. Re1 a6 15. Bf3 b5 $1 {[%emt 0:04:21] Inhibits Nc4.} 16. axb5 axb5 17. e5 dxe5 18. Rxe5 (18. Bxe5 {looks sharper.} Bb7 19. Nb3 b4 20. Na4) 18... Rxe5 19. Bxe5 Nfxd5 20. Bxg7 Kxg7 21. Nxd5 Nxd5 22. Nb3 Be6 23. Nxc5 Nf4 24. g3 Nh3+ 25. Kg2 Ng5 26. h4 Bh3+ 27. Kh2 Nxf3+ 28. Qxf3 Bf5 29. Qf4 {[%emt 0:01:27][%cal Oh4h5] Prevents Qd4.} Rc8 30. b4 h5 31. Ra6 Qd5 32. Rd6 Qc4 33. Qd4+ Qxd4 34. Rxd4 $11 {[%emt 0:00:04][%mdl 4096] Endgame KRB-KRN} Ra8 35. Kg2 Ra2 36. Kf3 Bg4+ 37. Kg2 Rb2 38. Rf4 Be2 $1 39. Na6 Rb1 (39... f6 $15) 40. f3 Rb2 41. Kf2 Bd1+ 42. Ke1 Bb3 43. g4 Bc4 44. gxh5 gxh5 45. Rf5 Kg6 46. Rg5+ Kh6 {[%emt 0:00:05] aiming for ...Re2+.} 47. Rf5 Kg6 48. Rg5+ Kh6 49. Rf5 $1 Rh2 50. Rf4 Kg6 51. Nb8 Re2+ {[%emt 0:01:34] White is now going downhill.} 52. Kd1 {[%emt 0:00:00][%cal Of4c4] [#]} Re6 $1 {[%emt 0:00:43] Black is more active.} 53. Rd4 (53. Kc2 $142) 53... Be2+ $17 54. Kd2 (54. Ke1 $17 {is a better defense.}) 54... Bxf3 $19 55. Nd7 {[%emt 0:00:00] Hoping for Nf8+.} Kf5 56. Nc5 Re2+ 57. Kc3 Re3+ 58. Kd2 Re7 59. Nd3 Be4 60. Nc5 {[%emt 0:01:20] [#]} Kf4 $1 61. Nd7 $2 (61. Ke2 {is a better chance.}) 61... f5 62. Rd6 Kg3 63. Nf6 Kxh4 {[%emt 0:00:34] ...Kg5 is the strong threat.} 64. Ke3 Kg5 65. Kf2 h4 66. Rb6 Bd3 {[%emt 0:00:39] White must now prevent ...h3.} 67. Nd5 Re2+ 68. Kf3 Re5 69. Nf6 Be2+ 70. Kf2 Bc4 71. Nh7+ Kf4 72. Rh6 Re2+ 73. Kg1 Rb2 74. Rh5 Rxb4 75. Nf6 Rb1+ 76. Kf2 Rb2+ 77. Ke1 Ke3 {[%emt 0:00:14][%cal Rb2b1] Black mates.} 78. Kd1 Be2+ 79. Kc1 Bxh5 {[%emt 0:00:07] Weighted Error Value: White=0.12 (very precise) /Black=0.06 (flawless)} 0-1

[Event "Frauenbundesliga 2021-22"]
[Site "Germany"]
[Date "2022.05.26"]
[Round "3.21"]
[White "Gaal, Zsoka"]
[Black "Batsiashvili, Nino"]
[Result "1-0"]
[ECO "E05"]
[WhiteElo "2323"]
[BlackElo "2463"]
[Annotator "TA"]
[PlyCount "113"]
[EventDate "2021.11.26"]
[EventType "team-tourn"]
[EventCountry "GER"]
[SourceTitle "playchess.com"]
[Source "ChessBase"]
[SourceQuality "1"]
[WhiteTeam "Hamburger SK"]
[BlackTeam "Schwaebisch Hall"]
[TimeControl "40/5400+30:1800+30"]

1. Nf3 d5 2. g3 Nf6 3. Bg2 e6 4. d4 Be7 5. O-O O-O 6. c4 dxc4 7. Qc2 b5 8. a4 {[%emt 0:00:09] E05: Open Catalan: 5 Nf3 Be7.} b4 9. Nfd2 Nd5 {[%emt 0:00:20] is more profitable than 9...c6 at the moment.} 10. Nxc4 {[%emt 0:03:01] The position is equal.} c5 11. dxc5 Bxc5 12. e4 Nb6 13. Ne3 {[%emt 0:01:37] [#]} ({Better is} 13. Ncd2 $14 Na6 14. Nb3) 13... Bxe3 $146 (13... Na6 $11) ({Predecessor:} 13... Na6 14. a5 Nd7 15. Rd1 Qe7 16. Nc4 Bb7 17. e5 Bxg2 18. Kxg2 f6 19. Nbd2 Nxe5 {0-1 (30) Dardha,D (2533)-Kollars,D (2622) Sitges 2021}) 14. Bxe3 $16 {[%emt 0:00:12] a5 is the strong threat. Black is on the road to losing.} (14. fxe3 a5 15. b3 N8d7 $17) 14... Bb7 (14... Ba6 $16) 15. a5 $18 N6d7 16. Rd1 Qc8 17. Qa4 Nc5 18. Qxb4 Nba6 19. Qb5 Rb8 (19... Bxe4 $142 20. Bxe4 Nxe4) 20. Qe2 {[%emt 0:02:22] Hoping for Rc1.} Bc6 (20... Nb4 {was necessary.} 21. Rc1 Nbd3) 21. Nc3 Qb7 22. Bf4 Rbc8 23. Rab1 {[%emt 0:02:09][%cal Ba1b1,Bb1d1,Bd1d6][%mdl 32] And now Bf1 would win.} Nb3 24. Bf1 Nac5 25. a6 $36 {[%emt 0:01:02][%mdl 2048] White is really pushing.} Qb6 (25... Qb4 $142 26. Qc4 Qxc4 27. Bxc4 Na5) 26. Rd6 Rfd8 27. Rbd1 Rxd6 28. Rxd6 (28. Bxd6 Rd8 29. Qe3 Nd7 $16) 28... Qb4 29. Qd1 {[%emt 0:01:50] Threatening mate with Rd8+.} h6 30. Rd8+ Rxd8 31. Qxd8+ Kh7 32. Qb8 Qa5 33. Qxa7 Nd4 34. Qxf7 {[%emt 0:06:13] Strongly threatening Be5.} Nxe4 {[%emt 0:01:06] [#]} 35. Bxh6 $1 Qe5 {[%emt 0:01:06] [#]} 36. Bxg7 $1 Qxg7 37. Qxg7+ Kxg7 38. Bg2 {[%emt 0:00:31] Inhibits Nf3+.} Nxc3 39. bxc3 Nf3+ 40. Bxf3 Bxf3 {[%emt 0:00:02] KB-KP} 41. Kf1 Kf6 42. Ke1 Kf5 43. Kd2 {[%emt 0:01:43] Ke3 would kill now.} e5 44. Ke3 {[%emt 0:06:44] White mates.} Bc6 45. h3 Ba8 46. a7 Bc6 47. Kd3 Bd5 48. c4 Bc6 49. c5 Be4+ 50. Kc4 Bc6 51. Kb4 Ke4 52. h4 Kf3 53. h5 Kxf2 54. h6 e4 55. h7 e3 56. h8=Q e2 57. Qe5 {[%emt 0:00:38] Weighted Error Value: White=0.11 (very precise) /Black=0.45} 1-0

[Event "Frauenbundesliga 2021-22"]
[Site "Germany"]
[Date "2022.05.26"]
[Round "3.22"]
[White "Javakhishvili, Lela"]
[Black "Roebers, Eline"]
[Result "1-0"]
[ECO "A48"]
[WhiteElo "2480"]
[BlackElo "2369"]
[Annotator "TA"]
[PlyCount "61"]
[EventDate "2021.11.26"]
[EventType "team-tourn"]
[EventCountry "GER"]
[SourceTitle "playchess.com"]
[Source "ChessBase"]
[SourceQuality "1"]
[WhiteTeam "Schwaebisch Hall"]
[BlackTeam "Hamburger SK"]
[TimeControl "40/5400+30:1800+30"]

1. d4 Nf6 2. Nf3 g6 3. Bg5 Bg7 4. Nbd2 O-O 5. c3 d6 6. e4 e5 {[%emt 0:05:47] [#] A48: 1 d4 Nf6 2 Nf3 g6: Torre, London and Colle Systems.} (6... c5 $11 {remains equal.}) 7. Bd3 ({Much weaker is} 7. dxe5 dxe5 8. Nxe5 Re8 $11) (7. Nxe5 $1 $16 dxe5 (7... Re8 8. Bxf6) 8. dxe5) 7... exd4 8. cxd4 {[%emt 0:00:36] [#]} h6 $146 {[%emt 0:00:14] The position is equal.} ({Predecessor:} 8... c5 9. O-O Nc6 10. d5 Nb4 11. Nc4 Bg4 12. a3 Nxd3 13. Qxd3 b5 14. Ncd2 c4 {0-1 (73) Nasir,Z (2057)-Nozdrachev,L (2372) Chess.com INT 2021}) 9. Bh4 ({White should play} 9. Be3 $11) 9... Nc6 10. h3 Qe8 11. O-O Nh5 12. Rc1 {[%emt 0:17:33] [#]} (12. Bb5 $11) 12... g5 $1 $17 {[%emt 0:10:06] Hoping for ...Nf4.} 13. Bg3 Nxg3 14. fxg3 Nxd4 15. Rxc7 {[%emt 0:01:02] [#]} (15. Nc4 $15) 15... Ne6 $2 (15... Nc6 $1 $17 {aiming for ...Qd8.} 16. Nc4 Qd8 17. Rxc8 Rxc8) 16. Rc2 $11 Nc5 17. Nc4 Qe6 18. Re1 Kh8 (18... Bd7 $11 {keeps the balance.}) 19. b4 $16 Na4 {[%emt 0:02:24] A mistake that costs the game.} (19... Nd7 $14) 20. e5 $18 dxe5 21. Ncxe5 {[%emt 0:00:13][%cal Of3g5] And now Nxg5! would win.} ({Weaker is} 21. Nfxe5 b5 $16) 21... Qb6+ (21... Qd6 {is a better defense.} 22. Rxc8 Raxc8) 22. Kh2 {[%emt 0:00:37][%cal Of3g5] Nxg5! is the strong threat.} g4 (22... Qd6 23. Rxc8 Raxc8) 23. hxg4 {[%emt 0:03:01][%cal Bh3g4,Bg4g5,Bg5h6][%mdl 32] White is clearly winning.} Be6 24. g5 Bd5 25. Nd7 {[%emt 0:03:00][%csl LRb6,LRf8] Pair of Knights!} Qxb4 26. Nxf8 Rxf8 27. gxh6 Bc3 28. Rf1 Qg4 (28... Nb2 $142) 29. Bb5 Qh5+ 30. Nh4 Qg5 31. Rf5 {[%emt 0:01:02] Weighted Error Value: White=0.39/Black=0.58} 1-0

[Event "Frauenbundesliga 2021-22"]
[Site "Germany"]
[Date "2022.05.26"]
[Round "3.23"]
[White "Papp, Sarah"]
[Black "Arabidze, Meri"]
[Result "0-1"]
[ECO "B49"]
[WhiteElo "2305"]
[BlackElo "2436"]
[Annotator "TA"]
[PlyCount "90"]
[EventDate "2021.11.26"]
[EventType "team-tourn"]
[EventCountry "GER"]
[SourceTitle "playchess.com"]
[Source "ChessBase"]
[SourceQuality "1"]
[WhiteTeam "Hamburger SK"]
[BlackTeam "Schwaebisch Hall"]
[TimeControl "40/5400+30:1800+30"]

1. e4 c5 2. Nf3 e6 3. d4 cxd4 4. Nxd4 Nc6 5. Nc3 Qc7 6. Be3 a6 7. Be2 Nf6 8. O-O Bb4 9. Na4 Be7 {[%emt 0:00:14] 9...Be7 scores better than 9...0-0.} 10. c4 Nxe4 11. Bf3 {[%emt 0:01:35] B49: Sicilian: Taimanov: 5 Nc3 Qc7 6 Be3 a6 7 Be2.} Ng5 12. Be2 O-O 13. c5 {[%emt 0:02:29] [#] The position is equal.} Rb8 $146 ({Predecessor:} 13... Ne4 14. Rc1 Rd8 15. Bf3 Ng5 16. Be2 Ne4 17. g3 Nf6 18. Bf3 g6 19. Nb6 Rb8 20. Qa4 e5 21. Nb3 d5 22. cxd6 Rxd6 23. Na5 Bd7 24. Nxd7 Rxd7 25. Bxc6 bxc6 26. Bc5 {½-½ (26) Kobalia,M (2495)-Leitao,R (2475) Menorca 1996}) 14. Rc1 f5 15. f3 f4 16. Bf2 e5 17. Nb3 d5 18. cxd6 Bxd6 19. Bb6 (19. h4 $11 {deserves consideration.} Nf7 20. Bc4) 19... Qe7 $15 20. Nac5 Kh8 ({Black should try} 20... Rf6 $1 $17) 21. Qd5 (21. Bd3 $1 $11 {was the only way to keep the balance.}) 21... Bc7 (21... Rf6 $17 {And now ...Bf5 would win.} 22. Rfd1 (22. Bc4 Bf5 $17) 22... Rg6) 22. Bxc7 $11 Qxc7 23. Nxa6 Qb6+ 24. Kh1 Ra8 25. h4 (25. Qc5 $1 $11 {keeps the balance.} Qxc5 26. Naxc5) 25... Nf7 $1 $17 26. Qc5 {[%emt 0:03:31] [#]} Qxc5 (26... Qd8 $1 $17 27. Kg1 Bf5) 27. Rxc5 Nfd8 28. Bb5 {[%emt 0:07:24] [#] Black converts the advantage convincingly.} ({Better is} 28. Nc7 $1 $15 Rxa2 29. Rc2) 28... Ne6 $1 $19 ({Stronger than} 28... Rxa6 29. Bxa6 bxa6 30. Na5 $11) 29. Rd5 Ne7 $36 {[%emt 0:01:25][%cal Bc6e7,Be7g6,Bg6h4,Bh4f5,Bf5e3,Be3c4][%mdl 2080] Keeping White busy.} ({Worse is} 29... Rxa6 30. Bxa6 bxa6 31. Rc1 $11) 30. Rxe5 bxa6 31. Bc4 Ng6 32. Re4 Nc7 33. h5 Nh4 {[%emt 0:00:03] Threatens to win with ...Nf5.} 34. Rd1 Nf5 {[%emt 0:03:07] Strongly threatening ...Ng3+.} 35. Kh2 Ne3 36. Rxf4 $2 (36. Rdd4 {was the crucial defense.}) 36... Be6 {[%emt 0:00:18] Black is clearly winning.} 37. Rxf8+ Rxf8 38. Rc1 Nxc4 39. Nd4 Bf7 {[%emt 0:01:19] ...Nb5 is the strong threat.} 40. b3 Nb5 41. Nxb5 axb5 42. bxc4 bxc4 43. Kg3 Rc8 {[%emt 0:01:18] White must now prevent ...c3.} 44. Kh4 (44. Rc3 $142) 44... c3 45. Rc2 {[%emt 0:00:15] [#]} Bxa2 $1 {[%emt 0:00:56][%mdl 512] Weighted Error Value: White=0.58/Black=0.13 (very precise)} 0-1

[Event "Frauenbundesliga 2021-22"]
[Site "Germany"]
[Date "2022.05.26"]
[Round "3.24"]
[White "Bulmaga, Irina"]
[Black "Genova, Lyubka"]
[Result "1/2-1/2"]
[ECO "B47"]
[WhiteElo "2397"]
[BlackElo "2225"]
[Annotator "TA"]
[PlyCount "54"]
[EventDate "2021.11.26"]
[EventType "team-tourn"]
[EventCountry "GER"]
[SourceTitle "playchess.com"]
[Source "ChessBase"]
[SourceQuality "1"]
[WhiteTeam "Schwaebisch Hall"]
[BlackTeam "Hamburger SK"]
[TimeControl "40/5400+30:1800+30"]

1. e4 c5 2. Nf3 e6 3. d4 cxd4 4. Nxd4 Nc6 5. Nc3 Qc7 6. g4 {[%emt 0:00:15] [#] B47: Sicilian: Taimanov: 5 Nc3 Qc7 6 f4, 6 g3 and 6 Be2.} d6 $146 (6... a6 $11 {remains equal.}) ({Predecessor:} 6... h6 7. Be3 Nf6 8. f3 a6 9. Qd2 Ne5 10. f4 Nc4 11. Bxc4 Qxc4 12. e5 Nxg4 13. Rg1 Nxe3 14. Qxe3 {0-1 (31) Grandelius,N (2672)-Rapport,R (2763) Wijk aan Zee 2022}) 7. Be3 Bd7 8. Rg1 {[%emt 0:08:57] White is more active. White is better.} a6 9. Qd2 Rc8 10. O-O-O $1 Nxd4 11. Bxd4 b5 12. a3 Ne7 13. f4 Nc6 $1 14. Qf2 Nxd4 15. Qxd4 Qc5 16. Qxc5 Rxc5 {[%emt 0:00:00] Black is slightly better.} 17. Rg3 Be7 18. Rh3 O-O 19. e5 d5 20. Bd3 g6 $1 21. g5 {[%emt 0:02:30] Inhibits f6.} a5 22. Ne2 b4 23. axb4 axb4 24. Nd4 Ra8 25. Nb3 Rc7 26. Kd2 Ra2 27. Rb1 Kg7 {[%emt 0:00:00] Weighted Error Value: White=0.12 (very precise) /Black=0.14 (very precise)} 1/2-1/2

[Event "Frauenbundesliga 2021-22"]
[Site "Germany"]
[Date "2022.05.26"]
[Round "3.25"]
[White "Unuk, Laura"]
[Black "Osmak, Yuliia"]
[Result "1-0"]
[ECO "D27"]
[WhiteElo "2338"]
[BlackElo "2428"]
[Annotator "TA"]
[PlyCount "125"]
[EventDate "2021.11.26"]
[EventType "team-tourn"]
[EventCountry "GER"]
[SourceTitle "playchess.com"]
[Source "ChessBase"]
[SourceQuality "1"]
[WhiteTeam "Harksheide"]
[BlackTeam "Bad Koenigshofen"]
[TimeControl "40/5400+30:1800+30"]

1. d4 d5 2. Nf3 Nf6 3. c4 dxc4 4. e3 e6 5. Bxc4 a6 6. O-O c5 7. b3 b6 {[%emt 0:06:00] D27: Queen's Gambit Accepted: Classical main line: 7 e4!? and 7 a4.} 8. Ba3 cxd4 9. Bxf8 Kxf8 {[%emt 0:00:03] White has an edge.} 10. Nxd4 Qe7 11. Nc3 Bb7 {[%emt 0:07:33] [#]} 12. Rc1 $146 ({Predecessor:} 12. Be2 Nbd7 13. Bf3 Ne5 14. Bxb7 Qxb7 15. Nxe6+ fxe6 16. Qd6+ Kf7 17. Qxe5 Rac8 18. Rac1 {1-0 (40) Studer,N (2579)-Osmak,I (2428) Chess.com INT 2021}) 12... g6 13. Be2 e5 14. Nf3 Kg7 15. Qc2 Nbd7 16. Rfd1 Rac8 17. Qb2 Rhe8 18. Nd2 b5 {[%emt 0:07:12] Against Nc4} 19. Bf3 Nc5 {[%emt 0:03:36] ...Nd3 is the strong threat.} 20. Bxb7 Qxb7 21. Nf3 b4 22. Na4 (22. Ne2 {with more complications.} Qb5 23. Nxe5 Rxe5 24. Qxe5 Qxe2 25. Qa1) 22... Nxa4 23. bxa4 Rxc1 24. Rxc1 Qe7 25. a5 e4 (25... Nd5 $11) 26. Nd4 $16 Qe5 {[%emt 0:00:23] [#]} 27. h3 (27. Rc6 $1 $16) 27... Qxa5 $11 28. Rc6 Qe5 (28... Re5 $14) 29. Rxa6 $16 ({Resist} 29. Qxb4 Rb8 30. Qe1 Nd5 $14) 29... Nd7 {[%emt 0:01:17] [#]} (29... Qc5 $16) 30. Ra5 $3 Qf6 31. Ra6 Qe5 32. Ra5 Qf6 33. Qxb4 {[%emt 0:02:44] White is more active.} Ne5 (33... Rc8 $16 34. Qb2 Kg8) 34. Qb5 $18 Re7 35. Ra6 Qg5 36. Qb2 Kh6 $2 (36... Rd7 37. g3 Kh6) 37. Qb8 {[%emt 0:05:31][%cal Oh3h4] Hoping for h4!} Nf3+ 38. Nxf3 exf3 {[%emt 0:00:02] KQR-KQR} 39. g4 $2 (39. Qf8+ {mates} Kh5 40. g4+ Kh4 {[#]} 41. Ra5 $3 Rxe3 42. Rxg5 Re1+ 43. Kh2 Kxg5 44. Qd8+ Kf4 45. Qd2+ Ke5 46. Qxe1+ Kd5 47. Qb4) 39... Qc5 40. Qf4+ Qg5 41. Qxf3 Kg7 42. Qc6 Qe5 43. Qd6 Qa1+ {[%emt 0:12:44] Black cannot hold the game after this.} (43... Qxd6 $16 {is a better defense.} 44. Rxd6 Ra7) 44. Kg2 Re6 45. Qd3 {[%emt 0:00:20] And now Rxe6 would win.} Rxa6 46. Qxa6 {[%emt 0:00:03] KQ-KQ} Qe5 47. Qc4 {[%emt 0:00:21] Inhibits Qe4+.} f6 48. a4 {[%emt 0:00:53] Strongly threatening Qb5.} h5 49. Qd4 {[%emt 0:01:23] Qxe5 would kill now.} Qa5 50. Qd7+ Kh6 51. Qc6 Qe5 $2 (51... hxg4 52. hxg4 f5 53. gxf5 Qxf5) 52. Qa8 {[%emt 0:00:15] White threatens Qh8+ and mate.} f5 53. g5+ {[%emt 0:00:27] White mates.} Kh7 54. a5 f4 55. exf4 Qxf4 56. Qb7+ Kh8 57. Qc8+ Kh7 58. Qd7+ Kh8 59. Qd8+ Kh7 60. Qd5 h4 61. a6 Qa4 62. Qb7+ Kh8 63. a7 {[%emt 0:00:16] Weighted Error Value: White=0.35/Black=0.47} 1-0

[Event "Frauenbundesliga 2021-22"]
[Site "Germany"]
[Date "2022.05.26"]
[Round "3.26"]
[White "Melamed, Tatjana"]
[Black "Antolak, Julia"]
[Result "0-1"]
[ECO "B18"]
[WhiteElo "2353"]
[BlackElo "2371"]
[Annotator "TA"]
[PlyCount "82"]
[EventDate "2021.11.26"]
[EventType "team-tourn"]
[EventCountry "GER"]
[SourceTitle "playchess.com"]
[Source "ChessBase"]
[SourceQuality "1"]
[WhiteTeam "Bad Koenigshofen"]
[BlackTeam "Harksheide"]
[TimeControl "40/5400+30:1800+30"]

1. e4 c6 2. d4 d5 3. Nc3 dxe4 4. Nxe4 Bf5 5. Ng3 Bg6 6. Nf3 e6 7. Bc4 Nd7 {[%emt 0:03:55] 7...Nd7 scores better than 7...Nf6.} 8. O-O Bd6 {[%emt 0:02:23] B18: Classical Caro-Kann: 4...Bf5 sidelines.} 9. Re1 Qc7 10. c3 Ngf6 {[%emt 0:03:35][%cal Bg8f6,Bf6d7,Bd7e5][%mdl 32] The position is equal.} 11. Qe2 O-O 12. Ne5 c5 13. Nxg6 hxg6 14. dxc5 Nxc5 {[%emt 0:04:27] [#]} 15. Qf3 $146 ({Predecessor:} 15. Be3 Rac8 16. Rad1 a6 17. a3 b5 18. Ba2 Rfd8 19. Bd4 Rd7 20. c4 Rcd8 21. Bxc5 Bxc5 22. Rxd7 Rxd7 {1-0 (32) Kahrovic,M (2308)-Keca,D (2188) Serbia 2013}) 15... Nfd7 16. Be3 Ne5 17. Qe2 Ncd7 {[%emt 0:01:55] Pair of Knights!} 18. Bb3 Nf6 {[%emt 0:00:59] Prevents Ne4.} 19. h3 Nc6 20. Nf1 Rfe8 21. Rad1 a6 22. Bg5 (22. Nd2 $5 ) 22... Bf4 23. Bxf6 (23. h4 $11) 23... gxf6 $15 24. h4 Kg7 25. g3 Be5 26. h5 g5 27. Kg2 (27. Ne3 $5 ) 27... f5 28. Ne3 Bf6 29. Bc2 Ne5 {[%emt 0:02:49] ...Qc6+ is the strong threat.} 30. f3 $1 Qc6 {[%emt 0:01:48] Threatens to win with ...g4.} 31. Kf2 (31. g4 $1 $15) 31... Rac8 (31... Qb6 $19 32. f4 gxf4 33. gxf4 Ng4+ 34. Kf1 Nxe3+ 35. Qxe3 Qxb2) 32. h6+ Kh8 33. g4 (33. Rd2 $17) 33... Rg8 (33... f4 $19 {Strongly threatening ...Qb6.} 34. Nf1 Qb6+ 35. Kg2 Qxb2) 34. Rg1 $2 ({But not} 34. gxf5 $2 g4 35. Nxg4 Bh4+ 36. Kf1 Nxg4 $19) (34. Rd2 $17) 34... f4 $19 35. Nf1 Qb6+ 36. Kg2 Qxb2 {[%emt 0:00:34] Dancing on a razor blade.} 37. Qe4 (37. Rd2 {was called for.} Rxc3 38. Be4) 37... Rg6 38. Nd2 (38. Rd2 $142 Rxh6 39. Bb3) 38... Rxc3 39. Rc1 Re3 40. Nc4 {[%emt 0:00:35] [#]} Qc3 $2 ({Better is} 40... Qb4 $1 $19 41. a3 {[#]} Qb5 $1) 41. Nxe3 (41. Qxe3 $11 fxe3 42. Bxg6) 41... Qd2+ {[%emt 0:00:25] Weighted Error Value: White=0.51/Black=0.50} 0-1